 Dungeon Crawl Stone Soup version 0.24.1-1-gd1d2a07e1b (webtiles) character file.

Game seed: 17835790228679073561, levelgen mode: deterministic

361580 MajorAdolf the Unseen (level 22, 0/144 HPs)
             Began as a Naga Wanderer on Apr 11, 2020.
             Was an Initiate of Gozag.
             Splashed by an acid blob's acid (5 damage)
             ... created by the Royal Jelly
             ... on level 4 of the Pits of Slime.
             The game lasted 02:19:52 (53861 turns).

MajorAdolf the Unseen (Naga Wanderer)              Turns: 53861, Time: 02:19:54

Health: 0/144      AC: 27    Str: 26    XL:     22   Next: 8%
Magic:  0/33       EV: 20    Int: 12    God:    Gozag
Gold:   527        SH: 27    Dex: 22    Spells: 25/25 levels left

rFire    + . .     SeeInvis +   n - +3 broad axe (chop)
rCold    + . .     Gourm    .   S - +6 large shield {rF+}
rNeg     + + .     Faith    .   r - +15 Maxwell's patent armour {-Cast -Tele rElec MR+ rCorr}
rPois    +         Spirit   +   (helmet restricted)
rElec    +         Reflect  .   X - +1 cloak of Uskayaw's Generosity {rC+}
rCorr    +         Harm     .   O - +2 pair of gloves
MR       +++++     NoTele   +   (no barding) Stlth +++++.....NoCast +
                                D - amulet of Gozag's Envy {Spirit rElec rN++}
HPRegen  0.00/turn              a - ring "Kerchon" {+Blink MR+ Dex+4}
MPRegen  0.23/turn              h - ring of protection from magic

@: mighty, agile, corroded, hasted, quick
A: large, horns 1, see invisible, deformed body, dopey 1, frail 3, poison
resistance, slowness 2, inhibited regeneration, slow metabolism 1, spit poison
1, constrict 1, sturdy frame 1, AC +7
}: 3/15 runes: serpentine, barnacled, abyssal
a: Spit Poison, Potion Petition, Call Merchant, Bribe Branch, Renounce Religion,
Evoke Blink


You were on level 4 of the Pits of Slime.
You worshipped Gozag.
Gozag was pleased with you.
You were not hungry.

You visited 8 branches of the dungeon, and saw 40 of its levels.
You visited the Abyss 2 times.
You also visited: Gauntlet, Ice Cave and Volcano.

You collected 17674 gold pieces.
You spent 7404 gold pieces at shops.
You paid 9743 gold pieces to Gozag.

Inventory:

Hand Weapons
 n - a +3 broad axe of chopping (weapon)
 I - a +0 war axe of flaming
Armour
 r - the +15 Maxwell's patent armour (worn) {-Cast -Tele rElec MR+ rCorr}
   (You bought it in a shop on level 4 of the Snake Pit)

   It insulates you from electricity.
   It affects your resistance to hostile enchantments.
   It prevents spellcasting.
   It prevents most forms of teleportation.
   It provides partial protection from all sources of acid and corrosion.
 E - the +3 helmet "Cuesa" {rElec Regen+ Dex+2}
   (You found it in a Gauntlet)

   It affects your dexterity (+2).
   It insulates you from electricity.
   It increases your rate of regeneration.
 O - a +2 pair of gloves (worn)
 S - a +6 large shield of fire resistance (worn)
 X - the +1 cloak of Uskayaw's Generosity (worn) {rC+}
   (You found it on level 2 of the Lair of Beasts)

   It protects you from cold.
Jewellery
 a - the ring "Kerchon" (left hand) {+Blink MR+ Dex+4}
   (You found it on level 4 of the Lair of Beasts)

   [ring of dexterity]

   It affects your dexterity (+4).
   It affects your resistance to hostile enchantments.
   It lets you blink.
 e - the ring "Juler" {+Fly Str+7}
   (You found it on level 3 of the Shoals)

   [ring of flight]

   It affects your strength (+7).
   It lets you fly.
 h - a ring of protection from magic (right hand)
 C - an uncursed amulet of rage
 D - the amulet of Gozag's Envy (around neck) {Spirit rElec rN++}
   (You bought it in a shop on level 4 of the Snake Pit)

   [amulet of guardian spirit]

   It causes incoming damage to be split between your health and magic.
   It insulates you from electricity.
   It greatly protects you from negative energy.
 W - the ring of Relye {rF+ rN++ MR- Str+2 Stlth+}
   (You found it on level 2 of the Elven Halls)

   [ring of stealth]

   It affects your strength (+2).
   It protects you from fire.
   It greatly protects you from negative energy.
   It affects your resistance to hostile enchantments.
   It makes you more stealthy.
Wands
 o - a wand of iceblast (49)
 t - a wand of clouds (16)
 w - a wand of digging (7)
 y - a wand of scattershot (18)
 M - a wand of paralysis (32)
 V - a wand of acid (7)
Scrolls
 d - 9 scrolls of remove curse
 l - a scroll of summoning
 s - 4 scrolls of fear
 x - a scroll of holy word
 A - 6 scrolls of magic mapping
 K - 5 scrolls of identify
 L - 2 scrolls of blinking
 N - 5 scrolls of teleportation
 P - 2 scrolls of silence
 R - 2 scrolls of fog
Potions
 i - 9 potions of curing
 m - 4 potions of heal wounds
 u - 2 potions of mutation
 B - 7 potions of resistance
 F - a potion of magic
 G - 4 potions of agility
 H - 4 potions of haste
 Q - 2 potions of might
 T - 3 potions of flight
 Y - a potion of cancellation
 Z - a potion of ambrosia
Miscellaneous
 b - a lightning rod (4/4)
 g - a phial of floods
 q - 2 sacks of spiders
Comestibles
 f - 49 rations


   Skills:
 + Level 14.0 Fighting
 + Level 17.2 Axes
   Level 1.0(11.6) Polearms
 - Level 1.0 Throwing
 + Level 12.5 Armour
 + Level 13.1 Dodging
 + Level 19.0 Stealth
 + Level 13.2 Shields
 - Level 2.0 Spellcasting
   Level 1.0 Transmutations
   Level 2.6 Poison Magic
 + Level 15.1 Evocations


You had 25 spell levels left.
You didn't know any spells.
Your spell library contained the following spells:

 Spells                   Type           Power        Failure   Level  Hunger
 Sting                    Conj/Pois      #...         75%         1    ##.....
 Animate Skeleton         Necr           N/A          90%         1    ##.....
 Apportation              Tloc           #.....       90%         1    ##.....
 Confusing Touch          Hex            #.....       90%         1    ##.....
 Corona                   Hex            #......      90%         1    ##.....
 Flame Tongue             Conj/Fire      #....        90%         1    ##.....
 Infusion                 Chrm           #...         90%         1    ##.....
 Magic Dart               Conj           #...         90%         1    ##.....
 Summon Small Mammal      Summ           #...         90%         1    ##.....
 Sticks to Snakes         Tmut           #.......     90%         2    ###....
 Passwall                 Tmut/Erth      #.......     94%         2    ###....
 Blink                    Tloc           N/A          97%         2    ###....
 Ensorcelled Hibernation  Hex/Ice        #.....       97%         2    ###....
 Shroud of Golubria       Chrm/Tloc      #.....       97%         2    ###....
 Song of Slaying          Chrm           #.......     97%         2    ###....
 Throw Flame              Conj/Fire      #.....       97%         2    ###....
 Confuse                  Hex            #.......     99%         3    ####...
 Dazzling Spray           Conj/Hex       #.....       99%         3    ####...
 Gell's Gravitas          Tloc           #.........   99%         3    ####...
 Lesser Beckoning         Tloc           #.........   99%         3    ####...
 Portal Projectile        Hex/Tloc       #.....       99%         3    ####...
 Regeneration             Chrm/Necr      #.........   99%         3    ####...
 Spectral Weapon          Hex/Chrm       #.......     99%         3    ####...
 Teleport Other           Tloc           #.......     99%         3    ####...
 Tukima's Dance           Hex            #.......     99%         3    ####...
 Cause Fear               Hex            #.........   100%        4    #####..
 Force Lance              Conj/Tloc      #.......     100%        4    #####..
 Leda's Liquefaction      Hex/Erth       #.........   100%        4    #####..
 Passage of Golubria      Tloc           N/A          100%        4    #####..
 Bolt of Draining         Conj/Necr      #.........   100%        5    ######.
 Bolt of Magma            Conj/Fire/Erth #.........   100%        5    ######.
 Silence                  Hex/Air        #.........   100%        5    ######.
 Venom Bolt               Conj/Pois      #.........   100%        5    ######.
 Yara's Violent Unravell  Hex/Tmut       #.........   100%        5    ######.
 Deflect Missiles         Chrm/Air       #.........   100%        6    #######
 Dispersal                Tloc           #.........   100%        6    #######
 Iron Shot                Conj/Erth      #.........   100%        6    #######
 Statue Form              Tmut/Erth      #........    100%        6    #######
 Malign Gateway           Summ/Tloc      #.........   100%        7    #######
 Monstrous Menagerie      Summ           #.........   100%        7    #######
 Spellforged Servitor     Conj/Summ      #.........   100%        7    #######
 Summon Greater Demon     Summ           #.........   100%        7    #######
 Controlled Blink         Tloc           N/A          100%        8    #######
 Discord                  Hex            #.........   100%        8    #######
 Disjunction              Tloc           #.........   100%        8    #######
 Summon Horrible Things   Summ           #.........   100%        8    #######
 Shatter                  Erth           #.........   100%        9    #######
 Tornado                  Air            #.........   100%        9    #######


Dungeon Overview and Level Annotations

Branches:
Dungeon (15/15)            Temple (1/1) D:6            Lair (6/6) D:8
 Shoals (4/4) Lair:4        Snake (4/4) Lair:4        Slime (5/5) Lair:6
    Orc (2/2) D:11            Elf (3/3) Orc:2        Vaults (0/5) D:13
 Depths (0/5) D:15          IceCv (visited)         Volcano (visited)
Gauntlet (visited)

Altars:
Ashenzari
Cheibriados
Dithmenos
Elyvilon
Fedhas
Gozag
Hepliaklqana
Kikubaaqudgha
Makhleb
Nemelex Xobeh
Okawaru
Qazlal
Ru
Sif Muna
Trog
Uskayaw
Vehumet
Wu Jian
Xom
Yredelemnul
Zin
The Shining One
Jiyva

Shops:
D:8 }   D:9 (   D:13 (   D:14 !   D:15 [   Orc:1 }   Orc:2 *(=[   Elf:1 %(}
Lair:3 }   Lair:6 (}   Snake:4 *

Portals:
Trove: D:11 (show abyssal rune of Zot)

Annotations:
D:6 1 transporter
D:7 Gastronok
D:13 1 runed translucent door, MajorAdolf's ghost, journeyman NaWn
Slime:5 Royal Jelly


Innate Abilities, Weirdness & Mutations

You cannot wear boots.
Your serpentine skin is tough. (AC +7)
You have supernaturally acute eyesight. (SInv)
Armour fits poorly on your strangely shaped body.
Your system is resistant to poisons. (rPois)
You cover ground very slowly.
You have a slow metabolism.
You can spit poison.
You can use your snake-like lower body to constrict enemies.
You have a pair of small horns on your head.
You are dopey. (Int -2)
You are extremely frail. (-30% HP)
You do not regenerate when monsters are visible.
Your movements are slightly less encumbered by armour. (ER -2)


Message History

You slice the acid blob!!
You kill the acid blob!
That felt strangely unrewarding.
You hit the azure jelly. x2
You hit the acid blob but do no damage.
Your hands burn!
* * * LOW HITPOINT WARNING * * *
You hit the acid blob but do no damage.
Your hands burn!
* * * LOW HITPOINT WARNING * * *
You block the acid blob's attack. You block the azure jelly's attack.
The azure jelly misses you. You block the azure jelly's attack.
The azure jelly barely misses you. You block the azure jelly's attack.
The azure jelly hits you.
* * * LOW HITPOINT WARNING * * *
The azure jelly freezes you!! You resist.
* * * LOW HITPOINT WARNING * * *
The azure jelly completely misses you. You block the azure jelly's attack.
The acid blob spits acid at you.
The splash of acid hits you but does no damage.
You are splashed with acid.
You resist.
You die...
Your body crumbles into a pile of gold.

#........#..<....................
##......###......................
#.....####......................#
......#.##.......<.........#.....
>...............................#
................................#
...............................##
...............J..............#.#
...............J@................
................JJ............#..
...................#.............
..>.................#............
.................................
........#................#.....#.
...............................##
......................##.......#
.......................##.....##


You could see 2 acid blobs and 2 azure jellies.

Vanquished Creatures
  Nikola (Elf:1)
  A bone dragon (Elf:3)
  3 deep elf blademasters
  A lich (Abyss:3)
  2 deep elf master archers (Elf:3)
  Polyphemus (Shoals:2)
  8 acid blobs
  7 tentacled starspawn
  Kirke (Lair:6)
  Donald (Shoals:2)
  5 azure jellies
  Roxanne (D:14)
  6 nagarajas (Snake:4)
  The ghost of Woutahasch the Severer, a journeyman HOFi of Okawaru (Shoals:3)
  Ilsuiw (Shoals:2)
  5 deep elf sorcerers (Elf:3)
  Aizul (Elf:2)
  3 orc warlords
  5 deep elf elementalists
  Louise (Shoals:1)
  3 very ugly things (Abyss:3)
  A lorocyproca (Shoals:3)
  2 deep elf demonologists (Elf:3)
  4 deep elf annihilators
  6 dire elephants (Lair:6)
  A minotaur (Gauntlet)
  Snorg (D:11)
  4 deep elf death magi
  5 merfolk javelineers
  8 merfolk impalers
  A green death (Abyss:3)
  A great orb of eyes (Slime:1)
  3 deep elf high priests
  6 hydras
  3 rakshasas (D:15)
  2 ice dragons (IceCv)
  12 naga warriors
  12 anacondas
  A catoblepas (Shoals:2)
  5 merfolk avatars
  4 centaur warriors
  2 satyrs
  4 merfolk aquamancers
  13 two-headed ogres
  An ogre mage (D:13)
  A tengu warrior (D:15)
  9 death yaks
  10 naga sharpshooters
  Nergalle (Lair:1)
  4 orc high priests
  15 deep elf knights
  5 shock serpents
  A salamander mystic (Snake:2)
  A fire crab (Gauntlet)
  6 skeletal warriors
  8 hell knights (Abyss:3)
  6 wretched stars (Abyss:3)
  11 sea snakes
  3 unseen horrors
  A glowing orange brain (D:15)
  4 naga ritualists
  Pikel (D:8)
  3 orc knights
  18 deep elf archers
  2 wizards (Gauntlet)
  13 ugly things
  A harpy (Shoals:4)
  3 necromancers (Abyss:3)
  7 mana vipers
  4 shining eyes
  An orb spider (Abyss:3)
  5 fauns
  77 deep elf magi
  6 orc sorcerers
  10 manticores
  9 salamanders
  6 cyclopes
  Maurice (D:8)
  2 worldbinders (Abyss:3)
  4 guardian serpents
  Joseph (D:9)
  30 black mambas
  13 merfolk sirens
  22 elephants
  31 naga magi
  2 smoke demons (Abyss:3)
  2 ice statues (IceCv)
  2 torpor snails
  5 water nymphs
  12 spiny frogs
  A freezing wraith (D:15)
  4 rime drakes
  An efreet (D:13)
  3 komodo dragons
  A redback zombie (D:15)
  A demonic crawler (Abyss:3)
  6 starcursed masses (Abyss:3)
  3 ancient zymes (Abyss:3)
  2 queen bees
  11 trolls
  A tengu conjurer (D:15)
  5 meliai (Abyss:3)
  30 merfolk
  A raiju (shapeshifter) (D:15)
  21 blink frogs
  3 wind drakes (Shoals:4)
  3 polar bears
  Grinder (D:3)
  6 large abominations (Abyss:3)
  Prince Ribbit (D:9)
  46 slime creatures
  5 snapping turtles
  6 raiju (Abyss:3)
  16 hippogriffs
  18 dream sheep
  A hydra skeleton (Abyss:3)
  3 air elementals
  An ettin skeleton (Abyss:3)
  11 water elementals
  A shadow (D:14)
  3 wyverns
  A dire elephant simulacrum (Abyss:3)
  2 ynoxinuls (Abyss:3)
  36 yaks
  3 fire bats
  4 fire elementals (Elf:1)
  3 hungry ghosts
  2 vampires
  6 golden eyes (Slime:4)
  A steam dragon (D:8)
  A hog (Lair:6)
  6 basilisks
  3 chaos spawn (Abyss:3)
  7 vampire mosquitoes (D:14)
  9 wargs
  3 acid dragons
  A soldier ant (D:13)
  A swamp worm (shapeshifter) (D:15)
  An insubstantial wisp (Abyss:3)
  6 small abominations (Abyss:3)
  51 nagas
  14 water moccasins
  2 hell hounds (Volcano)
  11 porcupines
  17 ice beasts
  4 slaves (D:8)
  7 sky beasts
  4 phantoms
  A hornet zombie (D:12)
  2 black bears
  25 orc warriors
  3 necrophages
  3 eyes of draining
  21 ogres
  27 centaurs
  15 wolves
  14 crocodiles
  2 big kobolds (D:10)
  12 bullfrogs
  5 earth elementals
  A water moccasin zombie (D:6)
  3 wyvern skeletons
  9 scorpions
  A water moccasin skeleton (D:8)
  44 killer bees
  5 wights
  A vampire bat (Lair:6)
  9 howler monkeys
  An electric eel (Snake:1)
  10 crimson imps
  7 jellies
  Crazy Yiuf (D:6)
  3 bullfrog zombies
  3 centaur skeletons
  4 centaur zombies
  24 orc wizards
  3 bullfrog skeletons
  19 orc priests
  An iron imp (Abyss:3)
  9 hounds
  3 iguanas
  A gnoll shaman (D:6)
  Natasha (thrice) (D:2)
  Terence (D:2)
  13 worker ants
  2 hound zombies
  A howler monkey zombie (D:5)
  2 worker ant zombies
  6 gnolls
  A howler monkey skeleton (D:10)
  9 adders
  2 shadow imps
  16 white imps
  An ufetubus (Abyss:3)
  2 adder zombies
  An adder skeleton (D:7)
  6 worms
  2 dart slugs
  7 leopard geckos
  71 orcs
  11 bats
  6 giant cockroaches
  3 goblins
  9 hobgoblins
  11 jackals
  4 quokkas
  3 frilled lizards
  A jackal zombie (D:7)
  18 kobolds
  A leopard gecko skeleton (D:7)
  9 rats
  A bush (Lair:2)
  4 fungi
  10 plants
  8 starspawn tentacles (Abyss:3)
1498 creatures vanquished.

Vanquished Creatures (others)
  Harold (D:8)
  A merfolk aquamancer (Shoals:4)
  25 dancing weapons
  A deep elf mage (Elf:2)
  A raiju (Abyss:3)
  5 dream sheep (D:5)
  An air elemental (Elf:1)
  A yak (shapeshifter) (Elf:2)
  A water elemental (Elf:1)
  3 humans (Lair:6)
  A chaos spawn (Abyss:3)
  2 golden eyes (Abyss:3)
  2 nagas (Snake:4)
  An orc warrior (Orc:2)
  A centaur (Volcano)
  A killer bee (Abyss:3)
  A small abomination (Shoals:4)
  A white imp (Lair:6)
  2 bushes (D:8)
  23 fungi
  29 plants
  21 starspawn tentacles
125 creatures vanquished.

Grand Total: 1623 creatures vanquished

Notes
Turn   | Place    | Note
-------+----------+-------------------------------------------
     0 | D:1      | MajorAdolf the Naga Wanderer began the quest for the Orb.
     0 | D:1      | MajorAdolf set off with the following items: a +2 spear, a
                  | +0 robe, a ration; and the following spell memorised: Magic
                  | Dart; and the following spells available to memorise:
                  | Sticks to Snakes, Passwall, Dazzling Spray
     0 | D:1      | Reached XP level 1. HP: 18/18 MP: 3/3
   167 | D:1      | Reached XP level 2. HP: 26/26 MP: 5/5
   560 | D:1      | Reached XP level 3. HP: 25/33 MP: 6/6
  1499 | D:2      | Reached XP level 4. HP: 38/44 MP: 7/7
  1527 | D:2      | Noticed Terence
  1556 | D:2      | Killed Terence
  1764 | D:2      | Noticed Natasha
  1770 | D:2      | Reached XP level 5. HP: 45/51 MP: 8/8
  2044 | D:2      | Killed Natasha
  2044 | D:2      | Reached skill level 5 in Fighting
  2251 | D:2      | Noticed Natasha
  2273 | D:2      | Killed Natasha
  2273 | D:2      | Reached skill level 1 in Axes
  2498 | D:2      | Noticed Natasha
  2509 | D:2      | Killed Natasha
  2732 | D:3      | Reached XP level 6. HP: 61/61 MP: 9/9
  3105 | D:3      | Noticed Grinder
  3184 | D:3      | Killed Grinder
  3184 | D:3      | Reached XP level 7. HP: 6/67 MP: 10/10
  4094 | D:4      | Reached skill level 5 in Axes
  5029 | D:5      | Entered Level 5 of the Dungeon
  5108 | D:5      | Reached skill level 1 in Armour
  5108 | D:5      | Reached XP level 8. HP: 48/74 MP: 11/11
  5227 | D:5      | Got a faintly glowing leather armour
  5252 | D:5      | Identified the cursed +0 leather armour of Shielding {rCorr
                  | Stlth+} (You found it on level 5 of the Dungeon)
  5691 | D:5      | Found an iron altar of Okawaru.
  6656 | D:5      | Noticed a dream sheep
  6656 | D:5      | Noticed a dream sheep
  6656 | D:5      | Noticed a dream sheep
  6656 | D:5      | Noticed a dream sheep
  6656 | D:5      | Noticed a dream sheep
  6656 | D:5      | Found a shimmering altar of Xom.
  6659 | D:5      | Killed a dream sheep
  6659 | D:5      | Killed a dream sheep
  6659 | D:5      | Killed a dream sheep
  6659 | D:5      | Killed a dream sheep
  6663 | D:5      | Killed a dream sheep
  6775 | D:5      | Reached skill level 5 in Armour
  7027 | D:5      | Found a burning altar of Makhleb.
  7265 | D:5      | Found a glowing silver altar of Zin.
  7348 | D:6      | Reached XP level 9. HP: 76/81 MP: 12/12
  7856 | D:6      | Found a transporter.
  7862 | D:6      | Noticed a kobold demonologist
  7884 | D:6      | Found a transporter.
  7944 | D:6      | Noticed a kobold demonologist
  8002 | D:6      | Reached skill level 1 in Dodging
  8330 | D:6      | Found a runed translucent door.
  8331 | D:6      | Noticed Crazy Yiuf
  8589 | D:6      | Found a staircase to the Ecumenical Temple.
  8831 | D:6      | Killed Crazy Yiuf
  8950 | Temple   | Entered the Ecumenical Temple
  9095 | Temple   | Became a worshipper of Gozag Ym Sagoz the Greedy
  9164 | D:6      | Noticed a red devil
  9167 | D:6      | Identified a scroll of acquirement
 10318 | D:7      | Reached XP level 10. HP: 64/87 MP: 13/13
 10492 | D:7      | Noticed Harold
 10522 | D:8      | Noticed a two-headed ogre
 10527 | D:8      | Your ally died
 10873 | D:8      | Noticed a two-headed ogre
 11156 | D:8      | Noticed Gastronok
 11240 | D:8      | Found a radiant altar of Vehumet.
 11240 | D:8      | Found a snail-covered altar of Cheibriados.
 11240 | D:8      | Found a shimmering altar of Xom.
 11291 | D:8      | Reached skill level 5 in Evocations
 11398 | D:8      | Reached skill level 10 in Axes
 12418 | D:8      | Found a staircase to the Lair.
 12472 | D:8      | Noticed Maurice
 12842 | D:8      | Noticed Pikel
 12858 | D:8      | Killed Pikel
 12858 | D:8      | Reached skill level 5 in Dodging
 12896 | D:9      | Found Roqur's Weapon Shop.
 12916 | D:9      | Bought a +0 war axe of flaming for 99 gold pieces
 12920 | D:9      | Noticed a two-headed ogre
 12934 | D:9      | Killed a two-headed ogre
 12934 | D:9      | Reached skill level 1 in Shields
 12934 | D:9      | Reached XP level 11. HP: 93/93 MP: 15/15
 13023 | D:8      | Killed a two-headed ogre
 13431 | D:8      | Killed a two-headed ogre
 13903 | D:9      | Noticed Joseph
 13922 | D:9      | Killed Joseph
 14306 | D:8      | Bought a wand of iceblast (9) for 221 gold pieces
 14314 | D:8      | Killed Maurice
 14898 | D:9      | Noticed Prince Ribbit
 14914 | D:9      | Killed Prince Ribbit
 15115 | D:9      | Noticed a two-headed ogre
 15125 | D:9      | Killed a two-headed ogre
 15285 | D:10     | Entered Level 10 of the Dungeon
 15438 | D:10     | Noticed an eight-headed hydra
 15624 | D:9      | Noticed a two-headed ogre
 15710 | D:9      | Killed a two-headed ogre
 15897 | Lair:1   | Entered Level 1 of the Lair of Beasts
 16138 | Lair:1   | Reached XP level 12. HP: 68/103 MP: 18/18
 16308 | Lair:1   | Noticed Nergalle
 16317 | Lair:1   | Killed Nergalle
 16516 | Lair:1   | Noticed a four-headed hydra
 16528 | Lair:1   | Killed a one-headed hydra
 17244 | Lair:2   | Found a dark tunnel.
 17263 | Volcano  | Entered a volcano
 17387 | Volcano  | Noticed a two-headed ogre
 17387 | Volcano  | Noticed a two-headed ogre
 17387 | Volcano  | Noticed a two-headed ogre
 17397 | Volcano  | Killed a two-headed ogre
 17397 | Volcano  | Reached skill level 2 in Stealth
 17410 | Volcano  | Killed a two-headed ogre
 17427 | Volcano  | Killed a two-headed ogre
 17744 | Volcano  | Noticed a two-headed ogre
 17761 | Volcano  | Killed a two-headed ogre
 17761 | Volcano  | Reached skill level 3 in Stealth
 17765 | Volcano  | Reached skill level 5 in Shields
 17890 | Lair:2   | Reached skill level 4 in Stealth
 18460 | Lair:2   | Got a blackened chain mail
 18475 | Lair:2   | Identified the +2 chain mail of Juarol {*Contam rCorr Str+9
                  | SInv} (You found it on level 2 of the Lair of Beasts)
 18721 | Lair:2   | Got a steaming cloak
 18732 | Lair:2   | Identified the +1 cloak of Uskayaw's Generosity {rC+} (You
                  | found it on level 2 of the Lair of Beasts)
 18869 | Lair:3   | Reached skill level 5 in Stealth
 19335 | Lair:3   | Gained mutation: You can use your snake-like lower body to
                  | constrict enemies. [Naga growth]
 19335 | Lair:3   | Reached XP level 13. HP: 59/111 MP: 11/19
 20463 | Lair:3   | Bought a wand of polymorph (9) for 154 gold pieces
 20463 | Lair:3   | Bought a lamp of fire for 560 gold pieces
 20476 | Lair:4   | Found a staircase to the Snake Pit.
 20519 | Lair:4   | Found a gate leading to a gauntlet.
 20528 | Gauntlet | Entered a Gauntlet
 20528 | Gauntlet | Found a transporter.
 20528 | Gauntlet | Found a transporter.
 20528 | Gauntlet | Found a transporter.
 20534 | Gauntlet | Found a transporter.
 20538 | Gauntlet | Found a transporter.
 20538 | Gauntlet | Found a transporter.
 20547 | Gauntlet | Noticed a balrug
 20548 | Gauntlet | Found a transporter.
 20549 | Gauntlet | Found a transporter.
 20552 | Gauntlet | Found a transporter.
 20553 | Gauntlet | Found a transporter.
 20562 | Gauntlet | Found a transporter.
 20567 | Gauntlet | Found a transporter.
 20745 | Gauntlet | Reached XP level 14. HP: 121/121 MP: 21/21
 20769 | Gauntlet | Reached skill level 6 in Stealth
 20992 | Gauntlet | Got a dazzling helmet
 21003 | Gauntlet | Identified the +3 helmet "Cuesa" {rElec Regen+ Dex+2} (You
                  | found it in a Gauntlet)
 21237 | Lair:4   | Got a fine bone ring
 21250 | Lair:4   | Reached skill level 7 in Stealth
 21918 | Lair:4   | Found a staircase to the Shoals.
 21928 | Lair:4   | Reached skill level 8 in Stealth
 22397 | Lair:5   | Found a stormy altar of Qazlal.
 22407 | Lair:5   | Reached skill level 10 in Evocations
 22768 | Lair:5   | Reached XP level 15. HP: 93/132 MP: 19/22
 23225 | Lair:6   | Entered Level 6 of the Lair of Beasts
 23244 | Lair:5   | Reached skill level 9 in Stealth
 23340 | Lair:6   | Noticed Kirke
 23358 | Lair:6   | Killed Kirke
 23402 | Lair:6   | Found a frozen archway.
 23410 | IceCv    | Entered an ice cave
 24017 | IceCv    | Got a translucent copper ring
 24420 | Lair:6   | Bought a wand of paralysis (10) for 228 gold pieces
 24469 | Lair:6   | Reached skill level 10 in Stealth
 24649 | Lair:6   | Found a viscous altar of Jiyva.
 24650 | Lair:6   | Found a staircase to the Slime Pits.
 24734 | Lair:6   | Reached skill level 15 in Axes
 27595 | D:10     | Identified the ring "Kerchon" {+Blink MR+ Dex+4} (You found
                  | it on level 4 of the Lair of Beasts)
 27597 | D:10     | Identified the ring "Myibusosch" {*Slow +Fly rPois Stlth+}
                  | (You found it in an ice cave)
 28316 | D:11     | Found a staircase to the Orcish Mines.
 28494 | D:11     | Noticed Snorg
 28508 | D:11     | Killed Snorg
 28508 | D:11     | Reached skill level 11 in Stealth
 28508 | D:11     | Reached XP level 16. HP: 137/144 MP: 21/24
 28597 | D:11     | Found a portal to a secret trove of treasure.
 29700 | D:13     | Found a runed translucent door.
 29701 | D:13     | Identified the +7 trident "Exam" {freeze, +Blink rC+ MR-
                  | Int+2}
 29702 | D:13     | Noticed MajorAdolf's ghost (journeyman NaWn)
 29776 | D:13     | Found a hazy altar of Hepliaklqana.
 29831 | D:13     | Found a gate to the Vaults.
 30284 | D:14     | Bought a potion of might for 60 gold pieces
 30284 | D:14     | Bought 2 potions of agility for 120 gold pieces
 30284 | D:14     | Bought a potion of haste for 150 gold pieces
 30284 | D:14     | Bought a potion of agility for 60 gold pieces
 30432 | D:14     | Reached skill level 10 in Shields
 30530 | D:14     | Identified Roxanne's Handbook of Transmigration
 30530 | D:14     | Noticed Roxanne
 30745 | D:14     | Reached skill level 12 in Stealth
 30807 | D:14     | Reached skill level 10 in Dodging
 31297 | D:15     | Entered Level 15 of the Dungeon
 31626 | D:15     | Found Biehutse's Antique Armour Boutique.
 31659 | D:15     | Bought a distressingly furry scale mail for 306 gold pieces
 31659 | D:15     | Bought a faintly glowing chain mail for 323 gold pieces
 31660 | D:15     | Identified the +1 scale mail of Rotation {rElec rF+ Str-4
                  | Int+2} (You bought it in a shop on level 15 of the Dungeon)
 31661 | D:15     | Identified the cursed +0 chain mail of the Peasants {-Tele
                  | rC+++ Dex-4 Stlth+} (You bought it in a shop on level 15 of
                  | the Dungeon)
 31972 | D:15     | Reached skill level 10 in Fighting
 31973 | D:15     | Found a staircase to the Depths.
 32506 | Orc:1    | Entered Level 1 of the Orcish Mines
 32596 | Orc:2    | Entered Level 2 of the Orcish Mines
 32619 | Orc:2    | Reached XP level 17. HP: 144/153 MP: 23/25
 33175 | Orc:2    | Reached skill level 13 in Stealth
 33739 | Orc:2    | Found Niesuw's Jewellery Shop.
 33893 | Orc:2    | Found Nastrig's General Store.
 33908 | Orc:2    | Bought a ration for 60 gold pieces
 33908 | Orc:2    | Bought a ration for 60 gold pieces
 33908 | Orc:2    | Bought a potion of might for 48 gold pieces
 33915 | Orc:2    | Found Fedutuga's Antique Weapon Shoppe.
 33966 | Orc:2    | Found Munousuz's Antique Armour Emporium.
 34236 | Orc:2    | Found a staircase to the Elven Halls.
 34244 | Elf:1    | Entered Level 1 of the Elven Halls
 34520 | Elf:1    | Found Caerieho's Food Boutique.
 35347 | Elf:1    | Noticed Nikola
 35373 | Elf:1    | Killed Nikola
 35854 | Elf:2    | Reached skill level 14 in Stealth
 36011 | Elf:2    | Reached skill level 10 in Armour
 36118 | Elf:2    | Got a scintillating brass ring
 36131 | Elf:2    | Identified the ring of Relye {rF+ rN++ MR- Str+2 Stlth+}
                  | (You found it on level 2 of the Elven Halls)
 36306 | Elf:2    | Reached XP level 18. HP: 162/163 MP: 27/27
 36379 | Elf:2    | Found a runed translucent gate.
 36380 | Elf:2    | Found a runed translucent gate.
 36396 | Elf:2    | Found a runed translucent gate.
 37011 | Elf:2    | Noticed a deep elf blademaster
 37020 | Elf:2    | Killed a deep elf blademaster
 37525 | Elf:3    | Entered Level 3 of the Elven Halls
 37535 | Elf:3    | Noticed Aizul
 37713 | Elf:2    | Killed Aizul
 37960 | Elf:3    | Paralysed by a deep elf mage for 5 turns
 38134 | Elf:3    | Reached skill level 15 in Stealth
 38884 | Elf:3    | Cast into level 3 of the Abyss (a deep elf sorcerer)
 38897 | Abyss:3  | Found a corrupted altar of Lugonu.
 39113 | Abyss:3  | Noticed a bone dragon
 39121 | Elf:3    | Escaped the Abyss
 39171 | Elf:3    | Killed a bone dragon
 39710 | Elf:3    | Reached XP level 19. HP: 151/175 MP: 24/28
 39894 | Elf:3    | Identified the cursed ring "Jur Terph" {rElec Str-4 Stlth+}
 40068 | Elf:3    | Reached skill level 16 in Stealth
 40178 | Elf:3    | Identified the ring of Sin {Int+7 Stlth+}
 40245 | Elf:3    | Identified the amulet of Qice {Gourm rF+ rN++ Int+2 Stlth-}
 40316 | Elf:3    | Identified the amulet of Xyshrite {RegenMP MR+ Int-5 Dex+4}
 40388 | Elf:3    | Identified the ring of Quturph {Str+2 Int+3}
 40773 | Elf:3    | Got a brightly glowing hand axe
 40996 | Elf:1    | Bought a wand of paralysis (7) for 144 gold pieces
 40996 | Elf:1    | Bought a wand of iceblast (10) for 224 gold pieces
 40996 | Elf:1    | Bought a wand of iceblast (11) for 240 gold pieces
 41270 | Orc:1    | Found Gosipeic's Gadget Boutique.
 41281 | Orc:1    | Bought a wand of clouds (3) for 294 gold pieces
 41281 | Orc:1    | Bought a wand of clouds (4) for 336 gold pieces
 41424 | D:11     | Identified the cursed +0 hand axe of World Downfall {drain,
                  | rC+ Int+3} (You found it on level 3 of the Elven Halls)
 41509 | D:14     | Killed Roxanne
 41827 | Snake:1  | Entered Level 1 of the Snake Pit
 44384 | Snake:3  | Gained mutation: You occasionally shout uncontrollably at
                  | your foes. [potion of mutation]
 44384 | Snake:3  | Gained mutation: You evolve. [potion of mutation]
 44385 | Snake:3  | Lost mutation: You occasionally shout uncontrollably at
                  | your foes. [potion of mutation]
 44385 | Snake:3  | Lost mutation: You evolve. [potion of mutation]
 44385 | Snake:3  | Gained mutation: Your movements are slightly less
                  | encumbered by armour. (ER -2) [potion of mutation]
 44385 | Snake:3  | Gained mutation: You are somewhat resistant to further
                  | mutation. [potion of mutation]
 44738 | Snake:4  | Entered Level 4 of the Snake Pit
 44852 | Snake:4  | Reached XP level 20. HP: 155/186 MP: 24/30
 44895 | Snake:4  | Reached skill level 17 in Stealth
 45357 | Snake:4  | Found the amulet of the Air {Inacc +Fly rElec EV+5 RMsl}
 46714 | Snake:4  | Got a serpentine rune of Zot
 46826 | Snake:4  | Bought a fine ruby amulet for 150 gold pieces
 46826 | Snake:4  | Bought a scroll of blinking for 225 gold pieces
 46826 | Snake:4  | Bought a wand of iceblast (9) for 120 gold pieces
 46986 | Shoals:1 | Entered Level 1 of the Shoals
 47229 | Shoals:1 | Noticed Louise
 47245 | Shoals:1 | Killed Louise
 47945 | Shoals:2 | Noticed Polyphemus
 47967 | Shoals:2 | Killed Polyphemus
 48116 | Shoals:2 | Noticed Ilsuiw
 48150 | Shoals:2 | Killed Ilsuiw
 48379 | Shoals:2 | Noticed Donald
 48399 | Shoals:2 | Killed Donald
 48671 | Shoals:3 | Found a large runed translucent door.
 48689 | Shoals:3 | Found a large runed translucent door.
 49336 | Shoals:3 | Noticed Woutahasch's ghost (journeyman HOFi)
 49384 | Shoals:3 | Killed Woutahasch's ghost
 49413 | Shoals:3 | Identified the amulet of Gozag's Envy {Spirit rElec rN++}
                  | (You bought it in a shop on level 4 of the Snake Pit)
 49436 | Shoals:3 | Got a wavering tin ring
 49552 | Shoals:3 | Identified the ring "Juler" {+Fly Str+7} (You found it on
                  | level 3 of the Shoals)
 49589 | Shoals:4 | Entered Level 4 of the Shoals
 49810 | Shoals:4 | Reached skill level 18 in Stealth
 49810 | Shoals:4 | Reached XP level 21. HP: 173/194 MP: 27/31
 49823 | Shoals:4 | Identified the Volume of Lethal Feathers
 50122 | Shoals:4 | Got a crystal broad axe
 50131 | Shoals:4 | Identified the +10 broad axe "Havvanga" {pain, *Rage rPois
                  | Str+3 Dex-3} (You found it on level 4 of the Shoals)
 50388 | Shoals:4 | Identified Sif Muna's Papyrus of Confrontation and the
                  | Traveller
 50800 | Shoals:4 | Cast into level 3 of the Abyss (merfolk impaler)
 51038 | Abyss:3  | Got an abyssal rune of Zot
 51366 | Shoals:4 | Escaped the Abyss
 51752 | Shoals:4 | Got a barnacled rune of Zot
 52037 | Snake:4  | Bought the +15 Maxwell's patent armour {-Cast -Tele rElec
                  | MR+ rCorr} for 3222 gold pieces
 52037 | Snake:4  | Found the +15 Maxwell's patent armour {-Cast -Tele rElec
                  | MR+ rCorr}
 52195 | Slime:1  | Entered Level 1 of the Pits of Slime
 52451 | Slime:1  | Reached skill level 15 in Evocations
 52603 | Slime:4  | Lost mutation: You are somewhat resistant to further
                  | mutation. [a shining eye]
 52603 | Slime:4  | Gained mutation: You are frail. (-10% HP) [a shining eye]
 52606 | Slime:3  | Gained mutation: You are very frail. (-20% HP) [a shining
                  | eye]
 52607 | Slime:3  | Gained mutation: You have a pair of small horns on your
                  | head. [a shining eye]
 52609 | Slime:3  | Gained mutation: You do not regenerate when monsters are
                  | visible. [a shining eye]
 52792 | Slime:4  | Gained mutation: You are extremely frail. (-30% HP) [a
                  | shining eye]
 52837 | Slime:4  | Reached skill level 19 in Stealth
 52841 | Slime:4  | Reached XP level 22. HP: 142/143 MP: 33/33
 53350 | Slime:4  | Gained mutation: You are dopey. (Int -2) [a shining eye]
 53634 | Slime:5  | Entered Level 5 of the Pits of Slime
 53682 | Slime:5  | Noticed the Royal Jelly
 53861 | Slime:4  | HP: 5/144 [azure jelly[the Royal Jelly] (16)]
 53861 | Slime:4  | Splashed by an acid blob's acid

Levels and vault maps discovered:
D:1:      scummos_arrival_forest, layout_rooms
D:2:      minmay_diamond_boxcup, layout_basic, first_ration, uniq_terence,
          uniq_natasha
D:3:      layout_basic, chequers_serial_rivers_micro_a, minmay_ruptured,
          uniq_grinder
D:4:      layout_loops_ring
D:5:      layout_loops_ring, okawaru_gym_becter, makhleb_blood_cavern_becter,
          kennysheep_mini, st_stairs_13, kb_xom_exploding_sheep
D:6:      gammafunk_wand_slinger, layout_loops_cross, temple_hall, minivault_5,
          minivault_24, grunt_ministairs_6, uniq_crazy_yiuf_cottage
D:7:      layout_gridville, grunt_ministairs_2, grunt_ogre_cave,
          minmay_manual_macuahuitl, uniq_harold
D:8:      layout_basic, gammafunk_temple_overflow_forgotten,
          minmay_lair_entry_grove, serial_park_tiny_2, uniq_pikel,
          uniq_gastronok, uniq_maurice
D:9:      layout_stronghold, serial_shops, shop, uniq_prince_ribbit1,
          uniq_joseph
D:10:     minmay_cornered_nines, layout_gridville
D:11:     layout_irregular_city, orc_0_dummy, enter_trove_1, uniq_snorg
D:12:     layout_basic, bh_walls_and_bars
D:13:     layout_rooms, hangedman_vaults_entry_quadrant_bands, basic_altar,
          ebering_ghost_funeral_grove
D:14:     layout_basic, chequers_serial_rivers_small_3, uniq_roxanne
D:15:     gammafunk_enter_depths_forms, layout_loops_ring, serial_shops,
          shop_fountains, chequers_serial_rivers_marsh
Temple:   eino_temple_rhombus
Lair:1:   layout_long_grid, infiniplex_staircase_pool_2, uniq_nergalle
Lair:2:   layout_cave_shapes, enter_volcano_1
Lair:3:   layout_cave_pods, special_room [special_room_bee],
          kennysheep_basilisk_garden
Lair:4:   layout_gridlike, elwin_shoals_entry_rooms,
          minmay_snake_entry_guardpost_small, gauntlet_entry_generic,
          lemuel_fruit_tree, lemuel_fruit_fields
Lair:5:   layout_gridlike, basic_altar, beast_lair_carwin_1
Lair:6:   due_jungle_book, layout_gridlike, slime_altar_1,
          portal_ice_cave_entry_imps, roderic_batcave, uniq_kirke
Shoals:1: layout_shoals, uniq_louise
Shoals:2: layout_shoals, uniq_polyphemus, uniq_ilsuiw, uniq_donald
Shoals:3: layout_shoals, ebering_ghost_disaster_area
Shoals:4: shoals_end_simple, layout_shoals
Snake:1:  layout_chambers, guppyfry_snake_island, grunt_megastairs_2
Snake:2:  layout_cave_shapes, grunt_megastairs_3
Snake:3:  layout_cave_pods
Snake:4:  snake_pit, layout_chambers
Slime:1:  layout_caves
Slime:2:  layout_caves, uniq_dissolution
Slime:3:  layout_caves
Slime:4:  layout_caves
Slime:5
Orc:1:    layout_caves, serial_shops, nicolae_shop_trees
Orc:2:    grunt_orc_gardens, layout_caves, grunt_orc_garden, grunt_orc_garden,
          grunt_orc_garden, grunt_orc_garden, elf_legates
Elf:1:    eino_elf_arrival_sip, layout_onion_city, serial_shops,
          nicolae_shop_temple_entry_statues_fountains, minivault_28, uniq_nikola
Elf:2:    layout_geoelf_diagonals, kb_rosetta
Elf:3:    elf_hall_gauntlet_narrow, layout_rooms, elves_outpost_lemuel,
          uniq_aizul

Skill      XL: |  1  2  3  4  5  6  7  8  9 10 11 12 13 14 15 16 17 18 19 20 21 22 |
---------------+-------------------------------------------------------------------+-----
Fighting       | 2 3 4 5 6 7 9 10 11 12 13 14 | 14.0
Axes           | 2 4 6 8 11 12 13 14 15 16 17 | 17.2
Armour         | 1 5 6 7 8 9 10 11 12 | 12.5
Dodging        | 3 5 6 7 8 9 10 11 12 13 | 13.1
Evocations     | 3 6 8 9 10 11 12 13 14 15 | 15.1
Shields        | 1 4 5 8 9 10 11 12 13 | 13.2
Stealth        | 5 8 11 12 14 15 16 18 19 | 19.0
Polearms       | |  1.0
Throwing       | |  1.0
Spellcasting   | |  2.0
Transmutations | |  1.0
Poison Magic   | |  2.6

Action                   |  1- 3 |  4- 6 |  7- 9 | 10-12 | 13-15 | 16-18 | 19-21 | 22-24 || total
-------------------------+-------+-------+-------+-------+-------+-------+-------+-------++-------
Melee: Spear             |   126 |     4 |       |       |       |       |       |       ||   130
       Short sword       |       |   215 |   381 |       |       |       |       |       ||   596
       War axe           |       |       |   246 |   812 |  1250 |  1908 |   220 |       ||  4436
       Constrict         |       |       |       |       |   151 |   293 |   333 |     1 ||   778
       Broad axe         |       |       |       |       |       |       |  1710 |    63 ||  1773
       Headbutt          |       |       |       |       |       |       |    12 |    23 ||    35
Invok: Call Merchant     |       |       |       |     1 |     3 |     2 |     3 |       ||     9
       Potion Petition   |       |       |       |       |     1 |       |       |       ||     1
 Abil: Spit Poison       |     5 |    10 |    13 |     5 |     4 |     1 |     1 |       ||    39
       Evoke Flight      |       |       |       |       |       |     2 |       |       ||     2
Evoke: Wand              |       |     3 |     3 |    53 |       |     5 |    19 |       ||    83
       Phial of floods   |       |       |     1 |       |     1 |       |       |       ||     2
       Lamp of fire      |       |       |       |       |     1 |       |       |       ||     1
  Use: Scroll            |       |     5 |     8 |    11 |    19 |    12 |    16 |       ||    71
       Potion            |       |     2 |     1 |     9 |     9 |     3 |    11 |     3 ||    38
 Stab: Sleeping          |     2 |       |       |       |       |     9 |    38 |     1 ||    50
       Confused          |       |       |     1 |       |       |     3 |       |       ||     4
       Distracted        |       |       |       |     1 |     8 |    14 |    28 |       ||    51
       Paralysed         |       |       |       |     3 |       |       |       |       ||     3
  Eat: Chunk             |       |     5 |    17 |       |       |       |       |       ||    22
       Ration            |       |       |     1 |     7 |     8 |    10 |    11 |     1 ||    38
Armor: Robe              |    12 |       |       |       |       |       |       |       ||    12
       Ring mail         |     8 |     5 |       |   278 |       |       |       |       ||   291
       Scale mail        |       |   162 |    52 |       |       |       |       |       ||   214
       Chain mail        |       |       |   457 |   222 |   580 |   632 |   422 |       ||  2313
       Skin              |       |       |       |       |       |     5 |       |       ||     5
       Plate armour      |       |       |       |       |       |       |    70 |    40 ||   110
Dodge: Dodged            |    40 |    88 |   180 |   330 |   251 |   391 |   458 |    33 ||  1771
Block: Shield            |       |       |       |   187 |       |       |       |       ||   187
       Large shield      |       |       |       |   255 |  1017 |  1646 |  2037 |    86 ||  5041
